 Dungeon Sprint DCSS version 0.25-a0-413-g3b4b6a4ccc (webtiles) character file.

Game seed: 12830621425748327545, levelgen mode: deterministic

12140 wilfster70 the Unseen (level 11, 0/64 HPs)
             Began as a Spriggan Enchanter on Jan 15, 2020.
             Was the Champion of Dithmenos.
             Slain by a fire giant
             ... wielding a +0 great sword of flaming
              (20 damage)
             ... in the Dungeon (Sprint I: "Red Sonja").
             The game lasted 00:08:39 (1320 turns).

wilfster70 the Unseen (Spriggan Enchanter)          Turns: 1320, Time: 00:08:40

Health: 0/64       AC:  2    Str:  4    XL:     11   Next: 58%
Magic:  18/26      EV: 18    Int: 25    God:    Dithmenos [******]
Gold:   1446       SH:  8    Dex: 16    Spells: 23/31 levels left

rFire    + . .     SeeInvis +   a - +1 dagger
rCold    . . .     Gourm    .   l - +0 buckler
rNeg     . . .     Faith    .   b - +0 robe
rPois    .         Spirit   .   (helmet restricted)
rElec    .         Reflect  .   (no cloak)
rCorr    .         Harm     .   (gloves unavailable)
MR       +....     NoTele   +   (boots unavailable)
Stlth    ++++++++++             (no amulet)
HPRegen  0.20/turn              n - ring of Ryjuh {rF+ Int+4 Slay+3 SInv}
MPRegen  0.20/turn              (no ring)

@: wreathed by umbra, very quick
A: very small, unfitting armour, see invisible, herbivore, speed 3, slow
metabolism 2
a: Shadow Step, Shadow Form, Renounce Religion


You were in the Dungeon.
You worshipped Dithmenos.
Dithmenos was exalted by your worship.
You were not hungry.

You visited 1 branch You collected 2446 gold pieces.
You spent 1000 gold pieces at shops.

Inventory:

Hand Weapons
 a - a +1 dagger (weapon)
Missiles
 k - 10 curare-tipped darts (quivered)
Armour
 b - a +0 robe (worn)
 l - a +0 buckler (worn)
Jewellery
 n - the ring of Ryjuh (left hand) {rF+ Int+4 Slay+3 SInv}
   (You bought it in a shop in the Dungeon)

   [ring of see invisible]

   It affects your intelligence (+4).
   It affects your accuracy and damage with ranged weapons and melee attacks
   (+3).
   It protects you from fire.
   It lets you see invisible.
Wands
 i - a wand of disintegration (8)
 m - a wand of polymorph (9)
Scrolls
 c - a scroll of fog {unknown}
 j - 2 scrolls of blinking
 p - a scroll of magic mapping {unknown}
Potions
 e - 4 potions of curing
 f - 2 potions of heal wounds
 g - a potion of haste
 h - 2 potions of magic
 o - a potion of degeneration {unknown}
Comestibles
 d - a ration


   Skills:
 + Level 10.9 Fighting
 - Level 10.3 Short Blades
 - Level 3.0 Dodging
 - Level 18.1 Stealth
 - Level 7.2 Shields
 - Level 10.7 Spellcasting
 - Level 8.3 Hexes
 - Level 3.1 Translocations
 - Level 6.7 Ice Magic
 + Level 12.7 Invocations
 - Level 8.2 Evocations


You had 23 spell levels left.
You knew the following spells:

 Your Spells              Type           Power        Failure   Level  Hunger
a - Confusing Touch       Hex            ######..     1%          3    None
b - Ensorcelled Hibernat  Hex/Ice        ######       1%          2    None
c - Corona                Hex            ######.      1%          1    None
d - Blink                 Tloc           N/A          1%          2    None

Your spell library contained the following spells:

 Spells                   Type           Power        Failure   Level  Hunger
 Slow                     Hex            ######..     1%          2    None
 Tukima's Dance           Hex            ######..     1%          3    None
 Dazzling Flash           Conj/Hex       ####..       2%          3    None
 Magic Dart               Conj           ##..         4%          1    None
 Call Imp                 Summ           ##......     7%          2    None
 Conjure Flame            Conj/Fire      ##......     14%         3    None
 Mephitic Cloud           Conj/Pois/Air  ##......     14%         3    None


Dungeon Overview and Level Annotations

Branches:
Dungeon (1/1)

Altars:
Cheibriados
Dithmenos
Elyvilon
Fedhas
Gozag
Hepliaklqana
Kikubaaqudgha
Makhleb
Nemelex Xobeh
Okawaru
Qazlal
Ru
Sif Muna
Trog
Uskayaw
Vehumet
Wu Jian
Xom
Yredelemnul
Zin
The Shining One
Jiyva
Lugonu

Shops:
D ((=*[(}}:[*?}%[=


Innate Abilities, Weirdness & Mutations

You are very small and have problems with some larger weapons.
You are too small for most types of armour.
You have supernaturally acute eyesight. (SInv)
You are a herbivore.
You cover ground extremely quickly.
You need to consume almost no food.


Message History

The fire giant resists with almost no effort.
Your shadow mimicks your spell!
The fire giant resists with almost no effort.
The fire giant hits you with a +0 great sword of flaming!!
You emit a cloud of dark smoke.
The fire giant burns you.
* * * LOW HITPOINT WARNING * * *
You emit a cloud of dark smoke.
The fire giant casts a spell at you. The bolt of fire misses you.
The bolt of fire hits the fire giant.
The fire giant resists.
The fire giant misses you.
Casting: Ensorcelled Hibernation (safe; 1% risk of failure)
Confirm with . or Enter, or press ? or * to list all spells.
Aiming: Ensorcelled Hibernation (safe; 1% risk of failure)
Press: ? - help, Shift-Dir - straight line, f/p - fire giant
Aim: a fire giant, wielding a +1 great sword of flaming (black smoke, lightly wounded, umbra, chance to defeat MR: 22%)
The fire giant resists with almost no effort.
The fire giant casts a spell at you. The bolt of fire misses you.
The fire giant hits you with a +0 great sword of flaming!!
You die...

##'### ###.# #..#+###
.....+ #§# ##§..#
##########§# ###.#
#......§##§# #.#
#..†.§.§§'.# #.#
#'''######.# ####'#
#..§...§.#§### #....#
#...§.§.#§.#!%§#####...####
.......≈####$.§C@C§..#
.....§§§##[($.CC§#####
....≈≈≈###?(....## .≈≈≈≈###
#?....# #####'####$$$$$
######∩∩#######
∩∩∩∩∩∩∩###≈≈≈≈ ########
#####


You could see 4 fire giants.

Vanquished Creatures
  2 centaur warriors (D)
  Sonja (D)
  A deep troll (D)
  A lindwurm (D)
  7 unseen horrors (D)
  An oklob plant (D)
  2 kobold demonologists (D)
  4 demonic crawlers (D)
  A hornet (D)
  A slime creature (D)
  Sigmund (D)
  2 redbacks (D)
  13 hogs (D)
  A yak (D)
  2 floating eyes (D)
  An ogre (D)
  7 necrophages (D)
  8 jellies (D)
  Ijyb (D)
  A ballistomycete spore (D)
58 creatures vanquished.

Vanquished Creatures (others)
  A gargoyle (D)
  A ballistomycete spore (D)
2 creatures vanquished.

Grand Total: 60 creatures vanquished

Notes
Turn   | Place    | Note
-------+----------+-------------------------------------------
     0 | D        | wilfster70 the Spriggan Enchanter began the quest for the
                  | Orb.
     0 | D        | Reached XP level 1. HP: 9/9 MP: 5/5
     2 | D        | Noticed Ijyb
     9 | D        | Killed Ijyb
     9 | D        | Reached skill level 6 in Stealth
     9 | D        | Reached skill level 5 in Hexes
     9 | D        | Reached XP level 2. HP: 13/13 MP: 6/8
    23 | D        | Learned a level 2 spell: Ensorcelled Hibernation
    57 | D        | Noticed an ogre
    59 | D        | Killed an ogre
    59 | D        | Reached skill level 5 in Short Blades
    59 | D        | Reached skill level 8 in Stealth
    59 | D        | Reached XP level 3. HP: 16/16 MP: 8/11
    59 | D        | Reached XP level 4. HP: 21/21 MP: 9/13
    67 | D        | Noticed Sigmund
    70 | D        | Killed Sigmund
    70 | D        | Reached skill level 10 in Stealth
    70 | D        | Reached XP level 5. HP: 24/24 MP: 10/16
    70 | D        | Reached XP level 6. HP: 28/28 MP: 11/18
    75 | D        | Learned a level 3 spell: Confusing Touch
   124 | D        | Found a shimmering blue altar of Sif Muna.
   125 | D        | Found an ornate altar of the Wu Jian Council.
   126 | D        | Found a radiant altar of Vehumet.
   130 | D        | Reached skill level 1 in Ice Magic
   155 | D        | Found Xireod's Antique Weapon Emporium.
   155 | D        | Found an ancient bone altar of Kikubaaqudgha.
   155 | D        | Found a hazy altar of Hepliaklqana.
   155 | D        | Found a hide-covered altar of Uskayaw.
   155 | D        | Found a basalt altar of Yredelemnul.
   155 | D        | Found an opulent altar of Gozag.
   155 | D        | Found a snail-covered altar of Cheibriados.
   155 | D        | Found a sacrificial altar of Ru.
   155 | D        | Found a shadowy altar of Dithmenos.
   155 | D        | Noticed a yak
   158 | D        | Killed a yak
   158 | D        | Reached skill level 11 in Stealth
   159 | D        | Found a stormy altar of Qazlal.
   159 | D        | Found a blossoming altar of Fedhas.
   159 | D        | Found a bloodstained altar of Trog.
   159 | D        | Found an iron altar of Okawaru.
   159 | D        | Found a glowing golden altar of the Shining One.
   159 | D        | Found a glowing silver altar of Zin.
   159 | D        | Found a white marble altar of Elyvilon.
   160 | D        | Found a sparkling altar of Nemelex Xobeh.
   168 | D        | Became a worshipper of Dithmenos the Shadowed
   242 | D        | Noticed Sonja
   246 | D        | Killed Sonja
   246 | D        | Reached skill level 13 in Stealth
   246 | D        | Reached skill level 10 in Spellcasting
   246 | D        | Reached XP level 7. HP: 32/32 MP: 20/22
   262 | D        | Found Amuobeir's Weapon Boutique.
   282 | D        | Noticed a deep troll
   286 | D        | Killed a deep troll
   286 | D        | Reached skill level 10 in Short Blades
   286 | D        | Reached skill level 14 in Stealth
   286 | D        | Reached skill level 5 in Ice Magic
   286 | D        | Reached XP level 8. HP: 39/39 MP: 23/23
   305 | D        | Noticed a centaur warrior
   307 | D        | Noticed a centaur warrior
   309 | D        | Killed a centaur warrior
   309 | D        | Reached * piety under Dithmenos
   309 | D        | Reached skill level 15 in Stealth
   309 | D        | Reached skill level 5 in Invocations
   309 | D        | Reached XP level 9. HP: 45/45 MP: 24/24
   310 | D        | Killed a centaur warrior
   310 | D        | Reached skill level 5 in Fighting
   310 | D        | Reached skill level 16 in Stealth
   320 | D        | Reached skill level 1 in Shields
   330 | D        | Noticed an oklob plant
   332 | D        | Killed an oklob plant
   332 | D        | Reached ** piety under Dithmenos
   332 | D        | Reached skill level 17 in Stealth
   361 | D        | Reached *** piety under Dithmenos
   367 | D        | Noticed an unseen horror
   367 | D        | Noticed an unseen horror
   372 | D        | Killed an unseen horror
   372 | D        | Reached XP level 10. HP: 53/53 MP: 22/25
   375 | D        | Killed an unseen horror
   375 | D        | Reached skill level 5 in Shields
   380 | D        | Reached **** piety under Dithmenos
   409 | D        | Reached ***** piety under Dithmenos
   427 | D        | Found the +2 shield of Resistance {rF+ rC+ MR+}
   428 | D        | Reached skill level 18 in Stealth
   489 | D        | Found Jyonuch's General Store.
   489 | D        | Found Xorro's Jewellery Shop.
   489 | D        | Found Mauq's Armour Boutique.
   491 | D        | Found Xopsud's Weapon Emporium.
   491 | D        | Found Qosmof's Gadget Shop.
   491 | D        | Found Quciaso's Gadget Shoppe.
   491 | D        | Found Xujear's Book Boutique.
   491 | D        | Found Fontau's Antique Armour Emporium.
   491 | D        | Found Nouxiuvawk's General Store.
   491 | D        | Found Iladdod's Magic Scroll Shoppe.
   495 | D        | Found Ukleut Hemuo's Gadget Boutique.
   496 | D        | Found Bamilyod's Antique Armour Emporium.
   496 | D        | Found Kaah's Food Boutique.
   497 | D        | Found Hyridgh's Jewellery Emporium.
   499 | D        | Bought a book of Minor Magic for 200 gold pieces
   502 | D        | Learned a level 2 spell: Blink
   558 | D        | Bought a potion of heal wounds for 60 gold pieces
   559 | D        | Bought a scroll of blinking for 90 gold pieces
   563 | D        | Bought the ring of Ryjuh {rF+ Int+4 Slay+3 SInv} for 650
                  | gold pieces
   734 | D        | Found a viscous altar of Jiyva.
   734 | D        | Found a corrupted altar of Lugonu.
   735 | D        | Found a burning altar of Makhleb.
   735 | D        | Found a shimmering altar of Xom.
   737 | D        | Reached skill level 1 in Translocations
   737 | D        | Reached skill level 1 in Evocations
   757 | D        | Reached ****** piety under Dithmenos
   786 | D        | Reached skill level 5 in Evocations
   801 | D        | Noticed a lindwurm
   805 | D        | Killed a lindwurm
   805 | D        | Reached skill level 10 in Invocations
   805 | D        | Reached XP level 11. HP: 60/60 MP: 26/26
  1045 | D        | Noticed a daeva
  1049 | D        | Noticed an unseen horror
  1049 | D        | Noticed an unseen horror
  1049 | D        | Noticed an unseen horror
  1049 | D        | Noticed an unseen horror
  1053 | D        | Killed an unseen horror
  1058 | D        | Killed an unseen horror
  1058 | D        | Reached skill level 10 in Fighting
  1062 | D        | Noticed an unseen horror
  1065 | D        | Killed an unseen horror
  1076 | D        | Killed an unseen horror
  1080 | D        | Killed an unseen horror
  1317 | D        | Noticed a fire giant
  1318 | D        | Noticed a fire giant
  1318 | D        | Noticed a fire giant
  1318 | D        | Noticed a fire giant
  1320 | D        | Slain by a fire giant

Levels and vault maps discovered:
D:        dungeon_sprint_1 [red_sonja_temple_1, red_sonja_temple_small_1]

Skill      XL: |  1  2  3  4  5  6  7  8  9 10 11 |
---------------+----------------------------------+-----
Short Blades   | 3 5 6 9 10 | 10.3
Stealth        | 6 8 10 13 14 15 17 18 | 18.1
Spellcasting   | 4 6 8 10 | 10.7
Hexes          | 5 6 8 |  8.3
Ice Magic      | 4 5 6 |  6.7
Fighting       | 2 4 6 8 10 | 10.9
Invocations    | 3 5 8 10 12 | 12.7
Shields        | 4 7 |  7.2
Translocations | 3 |  3.1
Evocations     | 6 8 |  8.2
Dodging        | |  3.0

Action                   |  1- 3 |  4- 6 |  7- 9 | 10-12 || total
-------------------------+-------+-------+-------+-------++-------
Melee: Dagger            |     6 |     4 |     9 |    74 ||    93
 Cast: Ensorcelled Hiber |       |     2 |     1 |    28 ||    31
       Confusing Touch   |       |       |       |     7 ||     7
       Corona            |       |       |       |     1 ||     1
Invok: Shadow Step       |       |       |       |     1 ||     1
  Use: Potion            |     1 |       |       |       ||     1
 Stab: Sleeping          |     2 |     4 |     9 |    36 ||    51
       Confused          |       |       |       |     7 ||     7
Armor: Robe              |       |       |       |     1 ||     1
Dodge: Dodged            |     3 |       |       |    50 ||    53
Block: Buckler           |       |       |       |    10 ||    10

Table legend:
 A = Non-vault XP
 B = Vault XP
 C = Vault XP percentage of total XP
 D = Non-vault monster count
 E = Vault monster count
 F = Vault count percentage of total count
                 A         B        C        D         E       F
            +---------+---------+-------+---------+---------+-------
      Total |       0 |   17343 | 100.0 |       0 |      57 | 100.0
            +---------+---------+-------+---------+---------+-------
          D |       0 |   17343 | 100.0 |       0 |      57 | 100.0
            +---------+---------+-------+---------+---------+-------
